Cogmind - Beta 17.1 @@@ ROGUE MODE // 2026.09.04 @ 12:42:15 Player: LandRaider Result: Destroyed by YG-BPX(R) with Subdweller Laser Performance ------------- Evolutions (0) 0 Regions Visited (3) 600 Robots Destroyed (43) 215 Value Destroyed (785) 785 Prototype IDs (2) 40 Alien Tech Used (0) 0 Bonus (79) 79 TOTAL SCORE: 1719 Bonus ------- Follower Combat Kills 79 Cogmind --------- Core Integrity 0/250 Matter 280/300 Energy 34/100 System Corruption 0% Temperature Cool (12) Movement Core (750) Ox14 Location -10/Subcaves Parts ------- > --- POWER (1) -------- (None) > --- PROPULSION (2) --- (None) > --- UTILITY (2) ------ High-capacity Storage Unit Improved Light Armor Plating > --- WEAPON (2) ------- Medium Laser > --- INVENTORY (20) --- Subdweller Power Source Subdweller Monowheel Heat Sink Improved Heat Sink Small Storage Unit Medium Storage Unit Large Battery (200) Structural Scanner Subdweller Optics Sensor Array Improved Terrain Scanner Seismic Detector Subdweller Laser Subdweller Beam Cannon Subdweller Machine Gun Grenade Launcher Rocket Launcher Peak State ------------ > --- POWER ------------ Light Nuclear Core > --- PROPULSION ------- Light Treads Light Treads > --- UTILITY ---------- Improved Heat Sink High-capacity Storage Unit > --- WEAPON ----------- Medium Laser Medium Laser > --- INVENTORY -------- Subdweller Power Source Light Treads Aluminum Leg Aluminum Leg Subdweller Monowheel Heat Sink Small Storage Unit Medium Storage Unit Large Battery Subdweller Optics Improved Terrain Scanner Seismic Detector EM Pulse Gun Medium Laser Subdweller Laser Light Assault Rifle Light Assault Rifle Grenade Launcher Mining Laser [Rating: 13] Favorites ----------- Power Light Deuterium Engine Engine Light Deuterium Engine Power Core Light Nuclear Core Propulsion Light Treads Treads Light Treads Utility High-capacity Storage Unit Device Improved Heat Sink Storage High-capacity Storage Unit Processor Signal Interpreter Protection Improved Light Armor Plating Weapon Medium Laser Energy Gun Medium Laser Ballistic Gun Light Assault Rifle Launcher Grenade Launcher Build | -11 -10 -10 -10 ------- Run | Yrd Mat Min Sub Slots Evolved . | . . . . Power . | . . . . Propulsion . | . . . . Utility . | . . . . Weapon . | . . . . Parts Attached 25 | 8 9 5 3 Power 6 | 1 3 1 1 Engine 4 | 1 2 1 . Core 2 | . 1 . 1 Reactor . | . . . . Propulsion 4 | 2 1 1 . Treads 4 | 2 1 1 . Leg . | . . . . Wheel . | . . . . Hover . | . . . . Flight . | . . . . Utility 7 | 2 3 1 1 Device 3 | 1 2 . . Storage 2 | 1 1 . . Processor 1 | . . 1 . Hackware . | . . . . Protection 1 | . . . 1 Artifact . | . . . . Weapon 8 | 3 2 2 1 Energy Gun 4 | 2 2 . . Energy Cannon . | . . . . Ballistic Gun 3 | 1 . 1 1 Ballistic Cannon . | . . . . Launcher 1 | . . 1 . Special Weapon . | . . . . Impact Weapon . | . . . . Slashing Weapon . | . . . . Piercing Weapon . | . . . . Special Melee Weapon . | . . . . Unidentified Prototypes . | . . . . Parts Lost 10 | . 3 1 6 Power 3 | . 2 . 1 Propulsion 4 | . 1 1 2 Utility . | . . . . Weapon 3 | . . . 3 Highest Loss Streak 6 | . 2 1 6 To Critical Strikes . | . . . . Average Backups 17 | 6 14 19 19 Power . | . . 1 1 Propulsion 2 | 3 3 1 1 Utility 8 | . 5 10 10 Weapon 5 | 1 4 6 6 Tool/Special . | . . . . Unused Backups 18 | . 3 2 13 Power 1 | . . . 1 Propulsion 5 | . 2 2 1 Utility 7 | . . . 7 Weapon 5 | . 1 . 4 Tool/Special . | . . . . Average Slot Usage (%) 99 | . 99 99 99 Engine 10 | . 10 12 9 Core 2 | . 3 1 4 Treads 27 | . 28 28 27 Device 10 | . 14 11 . Storage 14 | . 14 14 14 Processor 3 | . . 2 14 Energy Gun 18 | . 25 15 10 Ballistic Gun 2 | . 2 . 7 Launcher 7 | . . 12 10 Peak Build Rating 13 | 8 13 13 13 Average Rating 11 | 6 9 12 12 On Entrance 8 | . 8 13 12 Avg Prop Armor Cover (%) . | . . . . Naked Turns . | . . . . Heaviest Build 51 | 12 50 51 50 Greatest Support 40 | 40 40 40 40 Greatest Overweight (x) 2 | 2 1 1 2 Average Overweight (x) . | . . 1 1 Largest Inventory Capacity 20 | 8 20 20 20 Average Capacity 19 | 7 19 20 20 Most Carried 20 | 8 20 20 20 Average Carried 17 | 6 14 19 19 Final Capacity 20 | 8 20 20 20 Final Carried 20 | 8 20 20 17 Class Distribution -------------------- 100% | Mutant Dominant Class ---------------- Mutant | -10/Materials Mutant | -10/Mines Mutant | -10/Subcaves Resources | -11 -10 -10 -10 ----------- Run | Yrd Mat Min Sub Matter Collected 869 | 297 88 366 118 Remotely . | . . . . Salvage Created 1113 | 203 579 190 141 Parts 82 | 15 34 16 17 Haulers Intercepted 2 | . 2 . . Recyclers Shooed . | . . . . Parts Field Recycled . | . . . . Retrieved Matter . | . . . . Parts Self-Destructed 7 | . . . 7 Prevented . | . . . . Parts Restored . | . . . . Kills | -11 -10 -10 -10 ------- Run | Yrd Mat Min Sub Combat Hostiles Destroyed 41 | . 15 22 4 Guns 24 | . 14 7 3 AOE 16 | . . 15 1 Classes Destroyed 10 | 3 6 1 . Worker 1 | 1 . . . Tunneler 6 | 5 . 1 . Hauler 2 | . 2 . . Recycler 1 | 1 . . . Mechanic 1 | . 1 . . Watcher 3 | . 3 . . Swarmer 16 | . 9 7 . Grunt 7 | . 4 3 . Subdweller 6 | . 2 . 4 Assembled 12 | . . 12 . Best Kill Streak 8 | 2 3 8 2 Combat Bots Only 8 | . 3 8 2 Max Kills in Single Turn 3 | 1 1 3 1 Gunslinging . | . . . . Exploded 3 | . . 3 1 Melee . | . . . . Uniques/NPCs Destroyed . | . . . . Combat | -11 -10 -10 -10 -------- Run | Yrd Mat Min Sub Hostile Shots Fired 146 | . 72 40 34 Missed 43 | . 17 16 10 Hits 103 | . 55 24 24 Projectile 103 | . 55 24 24 Critical Strikes 1 | . 1 . . Damage Taken 1433 | . 631 283 519 Core 254 | . 169 1 84 Absorbed by Shields . | . . . . Core Remaining (%) 100 | 100 . . . Volleys Fired 147 | 17 61 45 24 Largest 2 | 2 2 2 2 Hottest 100 | 70 100 100 90 Shots Fired 241 | 34 111 62 34 Gun 204 | 34 111 30 29 Cannon . | . . . . Launcher 37 | . . 32 5 Special . | . . . . Kinetic 42 | 17 8 1 16 Thermal 161 | 17 103 29 12 Explosive 37 | . . 32 5 Electromagnetic 1 | . . . 1 Robot Hit Streak 15 | 6 8 8 15 Robot Miss Streak 6 | 2 6 3 1 Penetration Max . | . . . . Secondary Targets 2 | . 2 . . Max Gunslinging Chain 1 | . 1 . . Shots Hit Robots 136 | 20 68 26 22 Core Hits 90 | 10 28 43 9 Critical Kills . | . . . . Critical Parts Destroyed . | . . . . Critical Strikes 19 | 2 14 3 . Burn 19 | 2 14 3 . Melee Attacks . | . . . . Impact . | . . . . Slashing . | . . . . Piercing . | . . . . Sneak Attacks . | . . . . Combat Hostiles . | . . . . Follow-up Attacks . | . . . . Damage Inflicted 2869 | 218 860 1341 450 Guns 1585 | 218 846 223 298 Cannons . | . . . . Explosions 1263 | . . 1111 152 Melee . | . . . . Ramming 21 | . 14 7 . Kinetic 252 | 54 24 . 174 Thermal 1321 | 164 822 223 112 Explosive 1263 | . . 1111 152 Electromagnetic 12 | . . . 12 Impact . | . . . . Slashing . | . . . . Piercing . | . . . . Highest Corruption . | . . . . Average Corruption . | . . . . Corruption Purged . | . . . . Corruption Blocked . | . . . . Overload Shots . | . . . . Overflow Damage 42 | . . 42 . Projectiles . | . . . . Explosions 42 | . . 42 . Melee . | . . . . Knockbacks . | . . . . Impact . | . . . . Kinetic . | . . . . Secondary . | . . . . Self-Inflicted Damage 12 | . . 12 . Shots 2 | . . 2 . Rammed 4 | . 2 2 . Targets Rammed 4 | . 2 2 . Kicked . | . . . . Crushed . | . . . . Highest Temperature 273 | 70 273 21 19 Average Temperature 54 | 28 67 8 11 Received Heat Transfer 282 | . 126 36 120 Effects 1 | . 1 . . Interference 1 | . 1 . . Siege Activations . | . . . . Martial Activations . | . . . . Shielding Activations . | . . . . Robots Disrupted . | . . . . Combat Hostiles . | . . . . Robots Corrupted . | . . . . Combat Hostiles . | . . . . Parts Fried . | . . . . Impact Corruptions . | . . . . Robots Melted 2 | . 2 . . Combat Hostiles 1 | . 1 . . Parts Melted 9 | 1 6 1 1 Heat Transferred 5328 | 629 3478 888 333 Parts Sabotaged . | . . . . Parts Stolen . | . . . . Parts Stripped . | . . . . Power Chain Reactions . | . . . . Alert | -11 -10 -10 -10 ------- Run | Yrd Mat Min Sub Maximum Alert Level . | . . . . Low Security (%) 100 | 100 100 100 . Level 1 . | . . . . Level 2 . | . . . . Level 3 . | . . . . Level 4 . | . . . . Level 5 . | . . . . High Security . | . . . . Max Security . | . . . . Peak Influence 149 | 10 86 149 . Initial . | . . . . Average 31 | 1 14 52 . Influence Increases 985 | 35 431 519 . Destroy 0b10 Robot/C 520 | . 260 260 . Destroy 0b10 Robot/NC 70 | 35 30 5 . Destroy Leader 110 | . 60 50 . Allied During Kill 18 | . . 18 . Successful Hack 19 | . 19 . . Select Force Hacks 30 | . 30 . . Disable Machine 30 | . . 30 . Destroy Structure 143 | . 2 141 . Lose Combat Pursuer 45 | . 30 15 . Influence Decreases 985 | 35 431 482 37 Entered New Map 20 | . . . 20 Time Decay 765 | 35 280 433 17 Lost Part 29 | . 20 9 . Lost Ally 40 | . . 40 . Purge Threat 131 | . 131 . . Squads Dispatched 2 | . 2 . . Investigation 1 | . 1 . . Extermination . | . . . . Reinforcement 1 | . 1 . . Assault . | . . . . Garrison . | . . . . Intercept . | . . . . Searches Triggered . | . . . . Construction Impeded . | . . . . Haulers Reinforced . | . . . . Active Scanning Responses . | . . . . Cargo Convoy Interrupts . | . . . . Stealth | -11 -10 -10 -10 --------- Run | Yrd Mat Min Sub Distress Signals 3 | . 2 1 . Communications Jammed . | . . . . Distress Signals . | . . . . Times Spotted 60 | . 24 27 9 Peak Tracking Total 5 | . 4 5 3 Tactical Retreats 4 | . 2 2 . Traps | -11 -10 -10 -10 ------- Run | Yrd Mat Min Sub Traps Triggered . | . . . . Indirectly . | . . . . Trap Hack Attempts . | . . . . Triggered . | . . . . Disarmed . | . . . . Reprogrammed . | . . . . Reused . | . . . . Traps Extracted . | . . . . Installed . | . . . . Triggered . | . . . . Machines | -11 -10 -10 -10 ---------- Run | Yrd Mat Min Sub Machines Disabled 2 | . . 2 . Max in Single Turn 1 | . . 1 . Machines Repaired . | . . . . Machines Dismantled . | . . . . Machines Sabotaged . | . . . . Overloaded Fab Kills . | . . . . Hacking | -11 -10 -10 -10 --------- Run | Yrd Mat Min Sub Machines Accessed 9 | . 9 . . Terminals 7 | . 7 . . Fabricators . | . . . . Repair Stations . | . . . . Recycling Units 2 | . 2 . . Scanalyzers . | . . . . Garrison Access . | . . . . Total Hacks 29 | . 29 . . Successful 15 | . 15 . . Failed 14 | . 14 . . Catastrophic 3 | . 3 . . Database Lockouts . | . . . . Manual 17 | . 17 . . Terminals 26 | . 26 . . Fabricators . | . . . . Repair Stations . | . . . . Recycling Units 3 | . 3 . . Scanalyzers . | . . . . Garrison Access . | . . . . Terminal Hacks 8 | . 8 . . Robot Analysis 1 | . 1 . . Prototype ID Bank 1 | . 1 . . Branch Access Points 1 | . 1 . . Emergency Access Points 1 | . 1 . . Recycling Unit Index 1 | . 1 . . Unreport Threat 2 | . 2 . . Locate Traps 1 | . 1 . . Fabricator Hacks . | . . . . Repair Station Hacks . | . . . . Recycling Unit Hacks . | . . . . Scanalyzer . | . . . . Garrison Access Hacks . | . . . . Unauthorized Hacks 7 | . 7 . . Terminals 6 | . 6 . . Botnet 6 | . 6 . . Fabricators . | . . . . Repair Stations . | . . . . Recycling Units 1 | . 1 . . Tunnel 1 | . 1 . . Scanalyzers . | . . . . Garrison Access . | . . . . Data Cores Recovered . | . . . . Used . | . . . . Hacking Detections 8 | . 8 . . Full Trace Events 1 | . 1 . . Feedback Events . | . . . . Feedback Blocked . | . . . . Robot Schematics Acquired . | . . . . Robots Built . | . . . . Authchips . | . . . . Time . | . . . . Total Robot Build Rating . | . . . . Part Schematics Acquired . | . . . . Parts Built . | . . . . Authchips . | . . . . Time . | . . . . Total Part Build Rating . | . . . . Part Studies Acquired . | . . . . Parts Repaired . | . . . . Time . | . . . . Parts Recycled . | . . . . Recycled Matter . | . . . . Retrieved Matter . | . . . . Retrieved Components . | . . . . Parts Scanalyzed . | . . . . Part Schematics Acquired . | . . . . Parts Damaged . | . . . . Bothacking | -11 -10 -10 -10 ------------ Run | Yrd Mat Min Sub Used RIF Installer . | . . . . Robots Hacked . | . . . . Non-combat . | . . . . Combat . | . . . . Robot Hacks Applied . | . . . . Relay Couplers Released . | . . . . Fabnet Peak Effective % . | . . . . Robots Rewired . | . . . . Allies Hacked . | . . . . Hacks Repelled . | . . . . Allies | -11 -10 -10 -10 -------- Run | Yrd Mat Min Sub Total Allies 3 | . . 3 . Largest Group 3 | . . 3 1 Highest-Rated Group 40 | . . 40 16 Highest-Rated Ally 16 | . . 16 16 Total Orders . | . . . . Ally Attacks 26 | . . 16 10 Total Damage 262 | . . 124 138 Kills 4 | . . 3 1 Allies Corrupted . | . . . . Allies Melted . | . . . . Intel | -11 -10 -10 -10 ------- Run | Yrd Mat Min Sub Active Infowar (turns) 1488 | 20 1468 . . Seismic 1488 | 20 1468 . . Robot Analysis Total 1 | . 1 . . Derelict Logs Recovered 2 | . . 1 1 Drone Launches . | . . . . Drone Recoveries . | . . . . Exploration | -11 -10 -10 -10 ------------- Run | Yrd Mat Min Sub Turns Passed 5148 | 232 2057 1996 863 Spaces Moved 1980 | 106 774 778 322 Core 6 | 6 . . . Treads 1974 | 100 774 778 322 Legs . | . . . . Wheels . | . . . . Hover . | . . . . Flight . | . . . . Fastest Speed 50 | 50 160 240 240 Average Speed 232 | 156 233 240 240 Slowest Speed 320 | 160 240 240 320 Overloaded Moves . | . . . . Propulsion Burnouts . | . . . . Robots Hopped . | . . . . Potential Cave-ins . | . . . . Cave-ins Triggered . | . . . . Exploration Rate (%) 56 | 8 94 99 23 Regions Visited 3 Branch Regions 2 Pre-discovered Areas 1 | . 1 . . Known Exits Taken 2 | . 1 1 . Unknown Exits Taken 1 | 1 . . . Scrap Searched 4 | . . 1 3 Spaces Dug . | . . . . Terrain Destroyed 220 | . . 194 26 Melee . | . . . . Projectile . | . . . . AOE 220 | . . 194 26 Terrain Rammed . | . . . . Walls Destroyed . | . . . . Machines Disabled . | . . . . Actions | -11 -10 -10 -10 --------- Run | Yrd Mat Min Sub Total 2275 | 138 913 844 380 Wait 76 | . 49 6 21 Move 1977 | 105 773 777 322 Hop . | . . . . Pick Up 28 | 8 14 3 3 Fast Attach 10 | 7 2 1 . Attach 6 | . 2 2 2 Detach 2 | . 1 1 . Swap 13 | 1 5 3 4 Drop 12 | . 4 4 4 Fire 147 | 17 61 45 24 Melee . | . . . . Ram . | . . . . Kick . | . . . . Crush 4 | . 2 2 . Escape Stasis . | . . . . Rewire . | . . . . Trap . | . . . . Miscellaneous . | . . . . Route ------- -11/Scrapyard -10/Materials (discovered 5 exits: *Mat x3 / *Min / *Sub) -10/Mines (discovered 3 exits: *Mat x2 / *Sub) -10/Subcaves History --------- Turn | Location | Event 10 | -11/Scrapyard | Discovered new exit (range 15) 233 | -11/Scrapyard | Entered Materials 301 | -10/Materials | Build established: Mutant 577 | -10/Materials | Discovered new exit (range 12) 719 | -10/Materials | Identified exit to Mines 1008 | -10/Materials | Discovered new exit (range 14) 1410 | -10/Materials | Discovered new exit (range 14) 1533 | -10/Materials | Derelicts attacked the area 1983 | -10/Materials | Core integrity fell below 50% 2104 | -10/Materials | Discovered new exit (range 16) 2290 | -10/Materials | Entered Mines 2291 | -10/Mines | Assembled infested the area 2505 | -10/Mines | Destroyed 8 combat bots 2547 | -10/Mines | Discovered new exit (range 5) 2782 | -10/Mines | Received a Rocket Launcher from a helpful Derelict 2901 | -10/Mines | Learned Materials emergency access door positions 3095 | -10/Mines | Assisted by bots powering up and referring to "LRC-V3" 3508 | -10/Mines | Discovered new exit (range 3) 3932 | -10/Mines | Discovered new exit (range 6) 3947 | -10/Mines | Identified exit to Subcaves 4101 | -10/Mines | Identified exit to Materials 4286 | -10/Mines | Entered Subcaves 4286 | -10/Subcaves | Accompanied by 1 ally 4374 | -10/Subcaves | Learned 8 Materials zone layouts 4539 | -10/Subcaves | Shifting Twisted Machinery released Mak. Leg 5140 | -10/Subcaves | Core integrity fell below 20% 5149 | -10/Subcaves | Destroyed by YG-BPX(R) with Subdweller Laser Last Messages --------------- 04714_ Searching scrap... 04714_ Found Sub. Machine Gun. 04714_ Found Battle Rifle. 04714_ Found 61 Matter. 04839_ ZR-F9P(R) suffers critical hit (Burn). 04840_ Trooper 1b destroyed. 04852_ Sub. Power Source melted. 04852_ ZR-F9P(R) destroyed. 04859_ Dropped Lgt. Deuterium Engine. 04860_ Acquired 31 matter. 04930_ J1-JMR(R) destroyed. 04933_ Acquired 13 matter. 05125_ Lgt. Treads destroyed. 05135_ VN-Z4L(R) destroyed. 05141_ Med. Laser destroyed. 05143_ Battle Rifle destroyed. 05143_ Lgt. Nuclear Core destroyed. 05145_ Discarded Signal Interpreter. 05147_ EM Pulse Gun destroyed. 05149_ Lgt. Treads destroyed. Map ----- +----------------------------------------------------+ | ?????????????????????????????????????????????????? | | ?????????????????????????????????????????????????? | | ?????????????????????????????????????????????????? | | ?????????????????????????????????????????????????? | | ?????????????????????????????????????????????????? | | ?????????????????????????????????????????????????? | | ?????????????????????????????????????????????????? | | ?????????????????????????????????????????????????? | | ?????????????????????????????????????????????????? | | ?????????????????????????????????????????????????? | | ?????????????????????????????????????????????????? | | ?????????????????????????????????????????????????? | | ?????????????????????????????????????????????????? | | ?????????????????????????????????????????????????? | | ?????????????????????????????????????????????????? | | ?????????????????????????""??????????????????????? | | ????????????????????????#""??????????????????????? | | ????????????????????#???#"#??????????????????????? | | ???????????????????## ??#"##?????????????????????? | | ???????????????????# ?## "#?????????????????????? | | ????????????????????# "# "#?????#???????????????? | | ????????????????????# "## "###" ###?????????????? | | ????????????????????#""% R% " " ??????????? | | ????????????????????## #%R # " # #????????????? | | ??????????????????????##R%#### ##??????????????? | | ?????????????????????## [@ #??? ##???????????????? | | ????????????????????## ##????#????????????????? | | ????????????????????# # "#??????????????????????? | | ????????????????????##" ;####????????????????????? | | ????????????????????#"" ##???????????????????? | | ????????????????????## ##??????????????????? | | ?????????????????????### ##?????????????????? | | ???????????????????????#### #?????????????????? | | ??????????????????????????## #?????????????????? | | ???????????????????????????# #?????????????????? | | ???????????????????????????# ##?????????????????? | | ??????????????????????????## ##?????????????????? | | ????????????####?????????## #?????????????????? | | ????????????# ##??????### #?????????????????? | | ????????????# #??????# ##?????????????????? | | ????????????# ######### ##??????????????????? | | ????????????# ### ##??????????????????? | | ????????????# ## #??????????????????? | | ????????????# ##??????????????????? | | ????????????## ##???????????????????? | | ?????????????# ##???????????????????? | | ?????????????# ####????????????????? | | ????????????# " ## #????????????????? | | ????????????# "" #### #?????###????????? | | ????????????###### #??# #????# ##???????? | +----------------------------------------------------+ Best States ------------- Heat Dissipation 39 Energy Generation 14 Energy Capacity 250 Matter Stores 300 Matter Capacity 300 Sight Range 16 Terrain Scan Density 10 Evasion (%) 40 Recoil Reduction 2 Item Schematics ----------------- None Robot Schematics ------------------ None Fabricated ------------ Nothing Repaired ---------- Nothing Studied --------- None Alien Tech Used ----------------- None Achievements -------------- None Challenges ------------ None Game ------ Seed BiocellSurgeLance Manual? 0 Play Time 00:26:27 Cumulative 135.1 hours Start 2026.09.04 @ 12:17:28 End 2026.09.04 @ 12:42:15 Sessions 1 Manual Loads 0 Difficulty Rogue Special Mode None Game No. 117 Rogue 115 Adventurer 2 Explorer 0 Win Type - Total 0 Types 0/0/0/0/0/0/0/0/0/0 Lore% 59 Gallery% 50 Achievement% 41 Wizard Run 0 Options --------- Layout 0 ASCII 0 Keyboard 0 Movement Mouse Keybinds 0 Fullscreen 2 Font 24/Smallcaps Map View 76x50 Zoom Use 0% Tactical HUD 1 Map Filters NONE Filters NONE Steam 1 RUN: 2c77f93d-5503-4766-b39e-d2fcc0ad4582